 Dungeon Crawl Stone Soup version 0.30-a0-782-ge64f9170bb (webtiles) character file.

Game seed: 4475847356702667085

51 theswoord the Chopper (level 3, -4/29 HPs)
             Began as a Demonspawn Monk on Feb 23, 2023.
             Slain by a gnoll
             ... wielding a +0 flail
              (8 damage)
             ... on level 1 of the Dungeon.
             The game lasted 00:01:18 (1054 turns).

theswoord the Chopper (Demonspawn Monk)             Turns: 1054, Time: 00:01:19

Health: -4/29      AC:  8    Str: 13    XL:     3   Next: 57%
Magic:  3/3        EV:  9    Int: 11    God:
Gold:   34         SH:  0    Dex: 15    Spells: 2/2 levels left

rFire   + . .      SeeInvis .    a - +1 hand axe
rCold   . . .      Faith    .    (no shield)
rNeg    . . .      Spirit   .    f - +0 scale mail
rPois   .          Reflect  .    (helmet restricted)
rElec   .          Harm     .    (no cloak)
rCorr   .          Rampage  .    (no gloves)
Will    .....                    (no boots)
Stlth   +                        (no amulet)
HPRegen 0.24/turn                e - ring of protection from fire
MPRegen 0.08/turn                (no ring)

@: no status effects
A: antennae 1, yellow scales 1
a: no special abilities


You were on level 1 of the Dungeon.
You visited 1 branch of the dungeon, and saw 2 of its levels.

You collected 34 gold pieces.

Inventory:

Hand Weapons
 a - a +1 hand axe (weapon)
 g - a +0 whip
Armour
 b - a +0 robe
 f - a +0 scale mail (worn)
Jewellery
 e - a ring of protection from fire (left hand)
Potions
 d - a potion of mutation {unknown}


   Skills:
 - Level 3.0 Fighting
 + Level 4.2 Axes
 - Level 2.6 Dodging
 - Level 1.7 Stealth


You had 2 spell levels left.
You didn't know any spells.
Your spell library contained the following spells:

 Spells                   Type           Power      Damage    Failure   Level
 Summon Lightning Spire   Summ/Air       0%         N/A       100%        4
 Starburst                Conj/Fire      0%         6d3       100%        6
 Fire Storm               Conj/Fire      0%         5d1       100%        9


Dungeon Overview and Level Annotations

Branches:
Dungeon (2/15)

Altars:


Innate Abilities, Weirdness & Mutations

You have a pair of small antennae on your head.
You are partially covered in yellow scales. (AC +2)


Message History

You slash the gnoll! The gnoll hits you with a +0 spear.
You hit the gnoll. The gnoll closely misses you.
You closely miss the gnoll. The gnoll hits you with a +0 spear.
You hit the gnoll. The gnoll hits you with a +0 spear.
The gnoll completely misses you.
You hit the gnoll.
You kill the gnoll!
No target in view!
No target in view!
No target in view!
You climb downwards.
The gnoll closely misses you. The gnoll hits you with a +0 flail.
There is a stone staircase leading up here.
The gnoll hits you with a +0 flail.
The gnoll hits you from afar with a +0 halberd!
* * * LOW HITPOINT WARNING * * *
You climb upwards.
There is a stone staircase leading down, spattered with blood here.
You hit the gnoll. The gnoll closely misses you.
You are confused.
You feel invigorated. The gnoll hits you with a +0 flail!
* * * LOW HITPOINT WARNING * * *
You bump into the rock wall.
The gnoll hits you with a +0 flail.
* * * LOW HITPOINT WARNING * * *
You bump into the rock wall.
You feel less invigorated.
You feel less confused. The gnoll hits you but does no damage.
You barely miss the gnoll. The gnoll barely misses you.
You barely miss the gnoll. The gnoll hits you but does no damage.
You closely miss the gnoll. The gnoll closely misses you.
You hit the gnoll but do no damage. The gnoll hits you with a +0 flail.
* * * LOW HITPOINT WARNING * * *
You hit the gnoll. The gnoll closely misses you.
You closely miss the gnoll. The gnoll completely misses you.
You hit the gnoll. The gnoll barely misses you.
You barely miss the gnoll. The gnoll hits you with a +0 flail.
* * * LOW HITPOINT WARNING * * *
The gnoll hits you but does no damage.
You barely miss the gnoll. The gnoll hits you with a +0 flail!
You die...

#.# ##...##.##......
#.#####.###.##.#.##.
#....##.# #.##.#.##.
#.....#.# #.##......
#.......###.##......
#...................
##..)########.......
##g## #....... #@#
#....... #.#
##.###.# #.# #.# #.#
#.# #.###.# #.#
#######.....# #.#
#..†......... #.#
#.#####.##### #.#
##.## #.#####
#.###...####......


You could see a gnoll.

Vanquished Creatures
  2 gnolls (D:1)
  A dart slug (D:1)
  A ball python (D:1)
  A bat (D:1)
  4 endoplasms (D:1)
  A giant cockroach (D:1)
  3 goblins (D:1)
  3 hobgoblins (D:1)
  A kobold (D:1)
  3 quokkas (D:1)
  A frilled lizard (D:1)
  6 rats
27 creatures vanquished.

Notes
Turn   | Place    | Note
-------+----------+-------------------------------------------
     0 | D:1      | theswoord the Demonspawn Monk began the quest for the Orb.
     0 | D:1      | Reached XP level 1. HP: 18/18 MP: 1/1
    93 | D:1      | Reached skill level 3 in Axes
   160 | D:1      | Gained mutation: You have a pair of small antennae on your
                  | head. [demonic ancestry]
   160 | D:1      | Reached XP level 2. HP: 7/24 MP: 2/2
   650 | D:1      | Got the Almanac of the Five Friends
   775 | D:1      | Gained mutation: You are partially covered in yellow
                  | scales. (AC +2) [demonic ancestry]
   775 | D:1      | Reached XP level 3. HP: 21/29 MP: 3/3
  1005 | D:1      | Reached skill level 4 in Axes
  1054 | D:1      | Slain by a gnoll

Skill      XL: |  1  2  3 |
---------------+----------+-----
Axes           | 3 4 |  4.2
Fighting       | |  3.0
Dodging        | |  2.6
Stealth        | |  1.7

Action                     || total
---------------------------++-------
  Melee: Hand axe          ||    93
    Use: Scroll            ||     2
         Potion            ||     1
   Stab: Sleeping          ||     2
 Armour: Robe              ||     2
         Scale mail        ||    42
  Dodge: Dodged            ||    49

Levels and vault maps discovered:
D:1:      heliophobic_arrival_battle_scene, layout_loops_ring,
          serial_bayou_pond_e, corner_web_ring
D:2:      layout_basic
